Unix NetHack Version 5.0.0-0 post-release - last build May 31 2026 23:59:36 (970b52f25bf058293b47ddfd14a1e40e571c508c,branch:main).

Game began 2026-06-08 02:59:42, ended 2026-06-08 03:21:32.

Eldrich, lawful male human Archeologist

                                                     --------------
                                                   ##-............|
                                                     |.....(.{....|
                                            `########-............|
                                                     ------.----.--
                                                         ###    #
                                                        ##      #######
                                                       ##       ------.-
                                                      ##        |(...((|
                                                      #         |...(..|
                                                    --.--    ----(...(.|
                                                    |...|    |......----
                                     ---------  ####....|    |...m..|
                                     ........|  #   |....####...m@d.|
                                     |......<-###   |...|    --------
                                     |.......|      |...|
                                     ---------      |...|
                                                    -----

Eldrich the Field Worker   St:12 Dx:11 Co:12 In:16 Wi:13 Ch:10  Lawful
Dlvl:3  $:37 HP:0(26) Pw:14(14) AC:9  Xp:3 T:1060 

Latest messages:
 What do you want to wield? [- aei or ?*] q
 You don't have that object.
 What do you want to wield? [- aei or ?*] <space>
 Never mind.
 What do you want to wield? [- aei or ?*] a
 a - a +2 bullwhip (weapon in right hand).
 You lash the small mimic.
 You miss the small mimic.
 The small mimic hits!
 You swap places with your little dog.
 You hear someone counting gold coins.
 What do you want to use or apply? [ae-hm or ?*] e
 You now wield a +0 pick-axe.
 In what direction do you want to dig? [963>] 6
 You start digging.
 You hit the rock with all your might.
 You make an opening in the wall.
 You hear someone cursing shoplifters.
 What do you want to wield? [- aei or ?*] a
 a - a +2 bullwhip (weapon in right hand).
 i - an uncursed curved sword (weapon in right hand).
 a - a +2 bullwhip (alternate weapon; not wielded).
 You miss the coyote.
 The coyote bites!
 You kill the coyote!
 That chest is a small mimic!
 The small mimic hits!
 The small mimic hits!
 That chest is a large mimic!
 You hit the large mimic.
 You cannot escape from the large mimic!
 Are you sure you want to pray? [yn] (n) y
 You begin praying to Quetzalcoatl.
 You are surrounded by a shimmering light.
 The large mimic loosens its grip slightly.
 You finish your prayer.
 You feel that Quetzalcoatl is well-pleased.
 You feel much better.
 You cannot escape from the large mimic!
 You cannot escape from the large mimic!
 The large mimic hits!
 You miss the large mimic.
 You hit the large mimic.
 You miss the large mimic.
 The large mimic hits!
 You cannot escape from the large mimic!
 The small mimic hits!
 You die...
 Do you want your possessions identified? [ynq] (y) y
 Do you want to see your attributes? [ynq] (y) q

Inventory:
 Coins    ('$')
  $ - 37 gold pieces
 Weapons  (')')
  a - a +2 bullwhip (alternate weapon; not wielded)
  i - a +0 scimitar (weapon in right hand)
 Armor    ('[')
  c - an uncursed +0 fedora (being worn)
  b - an uncursed +0 leather jacket (being worn)
 Comestibles  ('%')
  d - 3 uncursed food rations
 Scrolls  ('?')
  r - a blessed scroll of enchant weapon
  s - a cursed scroll of enchant weapon
  o - an uncursed scroll of fire
 Potions  ('!')
  l - a blessed potion of confusion
  t - a blessed potion of healing
  v - 3 uncursed potions of healing
  u - a cursed potion of healing
 Rings    ('=')
  k - an uncursed ring of invisibility
 Wands    ('/')
  m - a wand of light (0:15)
 Tools    ('(')
  h - an empty uncursed sack
  e - a +0 pick-axe
  f - a tinning kit (0:86)
 Gems/Stones  ('*')
  w - an uncursed amethyst stone
  g - an uncursed touchstone

Eldrich the Archeologist's attributes:

Background:
 You were a Field Worker, a level 3 male human Archeologist.
 You were lawful, on a mission for Quetzalcoatl
 who was opposed by Camaxtli (neutral) and Huhetotl (chaotic).
 You were right-handed.
 You were in the Dungeons of Doom, on level 3.
 You entered the dungeon 1060 turns ago.
 It was nighttime.
 You had 51 experience points, 29 more were needed to attain level 4.

Basics:
 You had 0 out of 26 hit points.
 You had all 14 energy points (spell power).
 Your armor class was 9.
 Your wallet contained 37 zorkmids.
 Autopickup was off.

Final Characteristics:
 Your strength was 12 (limit:18/100).
 Your dexterity was 11 (limit:18).
 Your constitution was 12 (limit:18).
 Your intelligence was 16 (limit:18).
 Your wisdom was 13 (limit:18).
 Your charisma was 10 (limit:18).

Final Status:
 You were held by a large mimic (west).
 You weren't hungry.
 You were unencumbered.
 You were wielding a saber.
 You were unskilled in saber.

Final Attributes:
 You were devoutly aligned.
 You had automatic searching.
 You were lucky.
 You are dead.

Miscellaneous:
 You didn't encounter any bones levels.
 Total elapsed playing time was 21 minutes and 42 seconds.

Major events:
 Turn
    1: Eldrich the lawful male human Archeologist entered the dungeon
  633: attained the rank of Field Worker (level 3)
  793: entered the Gnomish Mines
 1060: killed by a small mimic

You didn't know any spells.

Skills:
 Fighting Skills
   bare handed combat [Unskilled]
   two weapon combat  [Unskilled]
   riding             [Unskilled]
 Weapon Skills
   dagger             [Unskilled]
   knife              [Unskilled]
   pick-axe           [Basic]
   short sword        [Unskilled]
   saber              [Unskilled]
   club               [Unskilled]
   quarterstaff       [Unskilled]
   sling              [Unskilled]
   dart               [Unskilled]
   boomerang          [Unskilled]
   whip               [Basic]
   unicorn horn       [Unskilled]
 Spellcasting Skills
   attack spells      [Unskilled]
   healing spells     [Unskilled]
   divination spells  [Unskilled]
   matter spells      [Unskilled]

Voluntary challenges:
 Character rerolling was not enabled.
 You followed a strict vegan diet.
 You never genocided any monsters.
 You never polymorphed an object.
 You never changed form.
 You used no wishes.
Achievements:
 You attained the rank of Field Worker.
 You entered the Gnomish Mines.

 The Dungeons of Doom: levels 1 to 3
    Level 1:
       A grave.
    Level 2:
       Some fountains.
       Stairs down to The Gnomish Mines.
    Level 3: <- You were here.
       A sink.
       Final resting place for
          you, killed by a small mimic.
 The Gnomish Mines:
    Level 3:


Vanquished creatures:
  a coyote
  a hobbit
  a giant rat
  a gnome
  2 geckos
  4 jackals
  a fox
  4 goblins
  2 grid bugs
  4 lichens
  3 newts
24 creatures vanquished.

No species were genocided or became extinct.

Game over:
                       ----------
                      /          \
                     /    REST    \
                    /      IN      \
                   /     PEACE      \
                  /                  \
                  |     Eldrich      |
                  |      37 Au       |
                  |   killed by a    |
                  |   small mimic    |
                  |                  |
                  |                  |
                  |       2026       |
                 *|     *  *  *      | *
        _________)/\\_//(\/(/\)/\//\/|_)_______

Goodbye Eldrich the Archeologist...

You died in The Dungeons of Doom on dungeon level 3 with 338 points,
and 37 pieces of gold, after 1060 moves.
You were level 3 with a maximum of 26 hit points when you died.

